 Dungeon Crawl Stone Soup version 0.32-a0-42-ga30500b4d3 (webtiles) character file.

Game seed: 5896893307035969210

4 grandjackal the Ducker (level 1, -3/16 HPs)
             Began as a Demonspawn Gladiator on Jan 29, 2024.
             Frozen to death by an endoplasm (5 damage)
             ... on level 1 of the Dungeon.
             The game lasted 00:00:12 (187 turns).

grandjackal the Ducker (Demonspawn Gladiator)        Turns: 187, Time: 00:00:12

Health: -3/16      AC:  4    Str: 14    XL:     1   Next: 58%
Magic:  1/1        EV: 12    Int:  8    God:
Gold:   40         SH:  0    Dex: 14    Spells: 0/0 levels left

rFire   . . .        a - +0 long sword
rCold   . . .        (no shield)
rNeg    . . .        b - +0 leather armour
rPois   .            c - +0 helmet
rElec   .            (no cloak)
rCorr   .            (no gloves)
SInv    .            (no boots)
Will    .....        (no amulet)
Stlth   +            (no ring)
HPRegen 0.22/turn    (no ring)
MPRegen 0.07/turn

%: no passive effects
@: no status effects
A: no striking features
a: no special abilities


You were on level 1 of the Dungeon.
You visited 1 branch of the dungeon, and saw 1 of its levels.

You collected 40 gold pieces.

Inventory:

Hand Weapons
 a - a +0 long sword (weapon)
Missiles
 d - 3 throwing nets (quivered)
 e - a javelin
Armour
 b - a +0 leather armour (worn)
 c - a +0 helmet (worn)
 i - a +0 ring mail
Scrolls
 f - a scroll of revelation {unknown}
Potions
 g - a potion of curing {unknown}
 h - a potion of heal wounds {unknown}


   Skills:
 + Level 2.1 Fighting
 + Level 2.7 Long Blades
 + Level 1.9 Throwing
 + Level 2.8 Dodging


You couldn't memorise any spells.
You didn't know any spells.
Your spell library contained the following spells:

 Spells                   Type           Power      Damage    Failure   Level
 Jinxbite                 Hex            0%         N/A       63%         2
 Dazzling Flash           Conj/Hex       0%         N/A       86%         3
 Cause Fear               Hex            0%         N/A       99%         4
 Borgnjor's Vile Clutch   Necr/Erth      0%         N/A       100%        5


Dungeon Overview and Level Annotations

Branches:
Dungeon (1/15)

Altars:


Message History

No target in view!
h - a cyan potion You open the huge gate.
Found a faded altar of an unknown god.
There is a huge open gate here.
There is a huge open gate here.
There is a huge open gate here.
There is a huge open gate here.
Found a ring mail.
An endoplasm comes into view.
You see here a +0 ring mail.
i - a +0 ring mail An endoplasm comes into view.
The endoplasm quivers.
The endoplasm quivers.
The endoplasm freezes you.
You are frozen.
You barely miss the endoplasm. The endoplasm freezes you.
You are frozen.
You completely miss the endoplasm. The endoplasm freezes you.
You are frozen.
You are too injured to fight recklessly!
You are too injured to fight recklessly!
The endoplasm freezes you.
You are frozen.
* * * LOW HITPOINT WARNING * * *
The endoplasm hits you but does no damage.
The endoplasm freezes you.
You are frozen.
* * * LOW HITPOINT WARNING * * *
You hit the endoplasm.
The endoplasm is heavily wounded.
The endoplasm barely misses you.
You hit the endoplasm.
The endoplasm is heavily wounded.
The endoplasm freezes you.
You are frozen.
You die...

#. . ###. #.#...
#....###
.###....#
........# ###
####....####.....
#.....JJ@.....#
#......#####.##
#......#
#......###
#........#
#....###..#
#.....# #.#
#####.# .# ####
#.## .# #..


You could see 2 endoplasms.

Vanquished Creatures
  2 ball pythons (D:1)
  2 kobolds (D:1)
  A rat (D:1)
5 creatures vanquished.

Notes
Turn   | Place    | Note
-------+----------+-------------------------------------------
     0 | D:1      | grandjackal the Demonspawn Gladiator began the quest for
                  | the Orb.
     0 | D:1      | Reached XP level 1. HP: 16/16 MP: 1/1
     4 | D:1      | Got Yluifuso's Cyclopedia of Bloody Curses
   141 | D:1      | Found a faded altar of an unknown god.
   187 | D:1      | Frozen to death by an endoplasm

Illustrated notes

Levels and vault maps discovered:
D:1:      dpeg_arrival_fog, layout_rooms,
          hellmonk_ecumenical_altar_heavens_door, minmay_pentomino_z4

Action                     || total
---------------------------++-------
  Melee: Long sword        ||    13
 Armour: Leather armour    ||     7
  Dodge: Dodged            ||    10

Table legend: (Time is in decaauts)
 A = Elapsed time spent in this place.
 B = Non-inter-level travel time spent in this place.
 C = Inter-level travel time spent in this place.
 D = Time resting spent in this place.
 E = Time spent auto-exploring this place.
 F = Levels seen in this place.
 G = Mean time per level.
                   A        B        C        D        E       F      G
               +--------+--------+--------+--------+--------+-----+--------+
         Total |    190 |    190 |      0 |      0 |    140 |   1 |  190.0 |
       Dungeon |    190 |    190 |      0 |      0 |    140 |   1 |  190.0 |
               +--------+--------+--------+--------+--------+-----+--------+

Top non-repeatable levels by time:
     D:1: 190 daAuts
